 Dungeon Crawl Stone Soup version 0.26.1-11-gd32895ea62 (webtiles) character file.

Game seed: 10265745563151404538

58 Zeld the Chopper (level 3, -2/31 HPs)
             Began as a Minotaur Berserker on May 23, 2021.
             Was a Follower of Trog.
             Slain by an adder (4 damage)
             ... on level 2 of the Dungeon.
             The game lasted 00:01:05 (2560 turns).

Zeld the Chopper (Minotaur Berserker)               Turns: 2560, Time: 00:01:06

Health: -2/31      AC:  0    Str: 22    XL:     3   Next: 75%
Magic:  2/2        EV: 12    Int:  4    God:    Trog [*.....]
Gold:   49         SH:  0    Dex:  9    Spells: 2/2 levels left

rFire    . . .     SeeInvis .   a - +0 hand axe
rCold    . . .     Faith    .   (no shield)
rNeg     . . .     Spirit   .   (no armour)
rPois    .         Reflect  .   (helmet restricted)
rElec    .         Harm     .   (no cloak)
rCorr    .         Rampage  .   (no gloves)
Will     .....                  (no boots)
Stlth    +.........             (no amulet)
HPRegen  0.10/turn              (no ring)
MPRegen  0.08/turn              (no ring)

@: lethally poisoned (-2 -> -10)
A: retaliatory headbutt, horns 2
a: Renounce Religion, Berserk


You were on level 2 of the Dungeon.
You worshipped Trog.
Trog was aware of your devotion.
You visited 1 branch of the dungeon, and saw 2 of its levels.

You collected 49 gold pieces.

Inventory:

Hand Weapons
 a - a +0 hand axe (weapon)
Jewellery
 e - an uncursed ring of wizardry {unknown}
 j - an uncursed ring of magical power {unknown}
Wands
 h - a wand of random effects (14)
Scrolls
 c - a scroll of identify {unknown}
 g - 2 scrolls of amnesia {unknown}
Potions
 b - 2 potions of heal wounds {unknown}
 d - a potion of cancellation {unknown}
 f - 3 potions of haste {unknown}
 i - 2 potions of flight {unknown}


   Skills:
 - Level 3.6 Fighting
 * Level 5.7 Axes
 - Level 2.4 Armour
 - Level 2.1 Dodging


You had 2 spell levels left.
You didn't know any spells.
Your spell library was empty.

Dungeon Overview and Level Annotations

Branches:
Dungeon (2/15)

Altars:
Qazlal
Xom


Innate Abilities, Weirdness & Mutations

You reflexively headbutt those who attack you in melee.
You have a pair of horns on your head.


Message History

The adder poisons you!
An adder is nearby!
You miss the adder. Your headbutt misses the adder.
You feel sick. The adder bites you.
You closely miss the adder. The adder bites you. x2
You closely miss the adder. The adder closely misses you.
You furiously retaliate!
You headbutt the adder! You miss the adder.
The adder is almost dead.
You feel sick. The adder bites you.
* * * LOW HITPOINT WARNING * * *
You are lethally poisoned!
The adder poisons you!
You are too injured to fight recklessly!
You miss the adder.
The adder is almost dead.
The adder bites you.
* * * LOW HITPOINT WARNING * * *
The adder bites you.
You die...

#######..## #.........†
##### #.....<.... #....
#.......(.. #....
#.......... ###....##
#(......... ........#
#..........
........######..........
......S@'...##..........
........###.##..........
........# #.##..........
........# #.###'########
........# #.# #.#
.....$..# #.# #.#
........# #.# #.#
######### #.###.#
#.....#


You could see an adder.

Vanquished Creatures
  3 adders (D:2)
  2 worms (D:2)
  A leopard gecko (D:1)
  A ball python (D:1)
  4 giant cockroaches
  5 goblins
  A quokka (D:2)
  2 bats
  A frilled lizard (D:2)
  3 kobolds
  2 rats
25 creatures vanquished.

Notes
Turn   | Place    | Note
-------+----------+-------------------------------------------
     0 | D:1      | Zeld the Minotaur Berserker began the quest for the Orb.
     0 | D:1      | Reached XP level 1. HP: 19/19 MP: 0/0
   123 | D:1      | Reached skill level 4 in Axes
   654 | D:1      | Reached XP level 2. HP: 25/26 MP: 1/1
   892 | D:2      | Found a shimmering altar of Xom.
  1434 | D:2      | Found a stormy altar of Qazlal.
  1442 | D:2      | Reached skill level 5 in Axes
  1608 | D:2      | Reached XP level 3. HP: 12/31 MP: 2/2
  2560 | D:2      | Slain by an adder

Illustrated notes

Levels and vault maps discovered:
D:1:      scummos_arrival_forest, layout_rooms, chequers_mini_garden
D:2:      minmay_chambers_of_ones, layout_basic, xom_butterflies,
          nicolae_qazlal_general_emergency

Skill      XL: |  1  2 |
---------------+-------+-----
Axes           | 4 5 |  5.7
Fighting       | |  3.6
Armour         | |  2.4
Dodging        | |  2.1

Action                   || total
-------------------------++-------
Melee: Hand axe          ||    65
       Headbutt          ||     6
Invok: Berserk           ||     1
Dodge: Dodged            ||    39
